 Dungeon Crawl Stone Soup version 0.31-a0-816-gd61d57ddb1 (webtiles) character file.

Game seed: 9591804044960513493

25 Essalna the Gusty (level 2, 0/19 HPs)
             Began as a Demonspawn Air Elementalist on Sept 22, 2023.
             Slain by a ball python (2 damage)
             ... on level 1 of the Dungeon.
             The game lasted 00:00:52 (298 turns).

Essalna the Gusty (Demonspawn Air Elementalist)      Turns: 298, Time: 00:00:53

Health: 0/19       AC:  2    Str:  8    XL:     2   Next: 82%
Magic:  5/5        EV:  9    Int: 16    God:
Gold:   36         SH:  0    Dex: 13    Spells: 4/5 levels left

rFire   . . .        b - +2 sling (flame)
rCold   . . .        (no shield)
rNeg    . . .        a - +0 robe
rPois   .            (no helmet)
rElec   .            (no cloak)
rCorr   .            (no gloves)
SInv    .            (no boots)
Will    .....        (no amulet)
Stlth   ++           (no ring)
HPRegen 0.23/turn    (no ring)
MPRegen 0.09/turn

%: no passive effects
@: constricted
A: sturdy frame 1
a: no special abilities


You were on level 1 of the Dungeon.
You visited 1 branch of the dungeon, and saw 1 of its levels.

You collected 36 gold pieces.

Inventory:

Hand Weapons
 b - a +2 sling of flaming (weapon)
Armour
 a - a +0 robe (worn)


   Skills:
 - Level 1.7 Dodging
 - Level 1.7 Stealth
 + Level 2.4 Spellcasting
 + Level 1.7 Conjurations
 + Level 3.0 Air Magic


You had 4 spell levels left.
You knew the following spells:

 Your Spells              Type           Power      Damage    Failure   Level
a - Shock                 Conj/Air       36%        1d5       8%          1

Your spell library contained the following spells:

 Spells                   Type           Power      Damage    Failure   Level
 Static Discharge         Conj/Air       18%        2-3/arc   11%         2
 Swiftness                Air            11%        N/A       17%         3
 Airstrike                Air            5%         2d(1-17)  50%         4


Dungeon Overview and Level Annotations

Branches:
Dungeon (1/15)

Altars:

Annotations:
D:1 1 runed translucent door


Innate Abilities, Weirdness & Mutations

Your movements are slightly less encumbered by armour. (ER -2)


Message History

The giant cockroach completely misses you.
Fire: b) +2 sling (flame)
Press: ? - help, Q - select action, (/) - cycle Shift-Dir - straight line, f - ball python
Aim: a ball python (52% to hit)
You shoot a sling bullet.
The sling bullet closely misses the ball python.
The ball python bites you but does no damage.
The ball python grabs you. The ball python constricts you.
The giant cockroach closely misses you.
The ball python bites you but does no damage.
The ball python constricts you.
Fire: b) +2 sling (flame)
Press: ? - help, Q - select action, (/) - cycle Shift-Dir - straight line, f/p - ball python
Aim: a ball python (constricting you, 52% to hit)
You shoot a sling bullet.
The sling bullet barely misses the ball python.
The giant cockroach bites you. The ball python bites you.
The ball python constricts you. The giant cockroach barely misses you.
Fire: b) +2 sling (flame)
Press: ? - help, Q - select action, (/) - cycle Shift-Dir - straight line, f/p - ball python
Aim: a ball python (constricting you, 52% to hit)
You shoot a sling bullet. The sling bullet hits the ball python.
The sling bullet burns the ball python.
The ball python is heavily wounded.
The ball python bites you.
* * * LOW HITPOINT WARNING * * *
The ball python constricts you. The giant cockroach barely misses you.
The ball python barely misses you. The ball python constricts you.
The giant cockroach bites you.
* * * LOW HITPOINT WARNING * * *
Fire: b) +2 sling (flame)
Press: ? - help, Q - select action, (/) - cycle Shift-Dir - straight line, f/p - ball python
Aim: a ball python (heavily wounded, constricting you, 52% to hit)
You shoot a sling bullet.
The sling bullet closely misses the ball python.
A bat comes into view.
The ball python bites you but does no damage.
The ball python constricts you. The giant cockroach barely misses you.
The ball python bites you.
You die...

.###...####+## .#
##....#...#
.#####...+...#
.......###...+
.....#..†....##+##
.....+...........#
.###.#...........#
##
.#...####....###..#.
†. #.#.#
#...@S....b. ###
#.#......###B>.....
..#......# .######
...##.....# +#
...##.....#
...##...^.#
######........
............#
#...........#


You could see a giant cockroach, a bat (wandering) and a ball python.

Vanquished Creatures
  A gnoll (D:1)
  2 giant cockroaches (D:1)
  3 goblins (D:1)
  A hobgoblin (D:1)
  2 quokkas (D:1)
  A ball python (D:1)
  3 frilled lizards (D:1)
  2 kobolds (D:1)
  A rat (D:1)
16 creatures vanquished.

Notes
Turn   | Place    | Note
-------+----------+-------------------------------------------
     0 | D:1      | Essalna the Demonspawn Air Elementalist began the quest for
                  | the Orb.
     0 | D:1      | Reached XP level 1. HP: 13/13 MP: 3/3
     0 | D:1      | Noticed a jelly
     1 | D:1      | Found a runed translucent door.
   185 | D:1      | Reached skill level 3 in Air Magic
   185 | D:1      | Gained mutation: Your movements are slightly less
                  | encumbered by armour. (ER -2) [demonic ancestry]
   185 | D:1      | Reached XP level 2. HP: 19/19 MP: 5/5
   298 | D:1      | Slain by a ball python

Illustrated notes

Levels and vault maps discovered:
D:1:      dpeg_arrival_caged_fury, layout_basic, minmay_small_reverse_x

Skill      XL: |  1 |
---------------+----+-----
Air Magic      | 3 |  3.0
Dodging        | |  1.7
Stealth        | |  1.7
Spellcasting   | |  2.4
Conjurations   | |  1.7

Action                     || total
---------------------------++-------
  Melee: Unarmed           ||    10
   Fire: Sling             ||    52
   Cast: Shock             ||     6
    Use: Potion            ||     1
 Armour: Robe              ||    33
  Dodge: Dodged            ||    46

Table legend: (Time is in decaauts)
 A = Elapsed time spent in this place.
 B = Non-inter-level travel time spent in this place.
 C = Inter-level travel time spent in this place.
 D = Time resting spent in this place.
 E = Time spent auto-exploring this place.
 F = Levels seen in this place.
 G = Mean time per level.
                   A        B        C        D        E       F      G
               +--------+--------+--------+--------+--------+-----+--------+
         Total |    317 |    317 |      0 |      0 |    199 |   1 |  317.0 |
       Dungeon |    317 |    317 |      0 |      0 |    199 |   1 |  317.0 |
               +--------+--------+--------+--------+--------+-----+--------+

Top non-repeatable levels by time:
     D:1: 317 daAuts
